 Dungeon Crawl Stone Soup version 0.32-a0-932-g546787307d (webtiles) character file.

Game seed: 14605006528157386985

207 Decritt the Trooper (level 5, 0/34 HPs)
             Began as a Gargoyle Fighter on Apr 14, 2024.
             Slain by a gnoll
             ... wielding a +0 spear
              (6 damage)
             ... on level 4 of the Dungeon.
             The game lasted 00:04:32 (2399 turns).

Decritt the Trooper (Gargoyle Fighter)              Turns: 2399, Time: 00:04:33

Health: 0/34       AC: 12    Str: 21    XL:     5   Next: 85%
Magic:  5/5        EV:  5    Int:  9    God:
Gold:   163        SH: 11    Dex:  9    Spells: 4/4 levels left

rFire   . . .        a - +0 flail
rCold   . . .        j - +0 tower shield
rNeg    + . .        b - +0 scale mail
rPois   ∞            (no helmet)
rElec   +            (no cloak)
rCorr   .            (no gloves)
SInv    .            g - +0 pair of boots
Will    .....        (no amulet) Stlth
                     (no ring)
HPRegen 0.25/turn    (no ring)
MPRegen 0.09/turn

%: no passive effects
@: no status effects
A: sickness immunity, AC +4, negative energy resistance 1, electricity
resistance, torment resistance 1, petrification resistance
a: no special abilities


You were on level 4 of the Dungeon.
You visited 1 branch of the dungeon, and saw 4 of its levels.

You collected 163 gold pieces.

Inventory:

Hand Weapons
 a - a +0 flail (weapon)
Armour
 b - a +0 scale mail (worn)
 c - a +0 buckler
 g - a +0 pair of boots (worn)
 j - a +0 tower shield (worn)
Scrolls
 d - a scroll of teleportation {unknown}
 i - 2 scrolls of identify {unknown}
 k - a scroll of enchant armour {unknown}
 q - 2 scrolls of enchant weapon {unknown}
 r - 3 scrolls of revelation {unknown}
 s - a scroll of fog {unknown}
Potions
 e - a potion of haste {unknown}
 f - a potion of heal wounds
 h - a potion of mutation {unknown}
 l - a potion of magic {unknown}
 m - a potion of cancellation {unknown}
 n - 2 potions of lignification {unknown}
 o - a potion of curing {unknown}
 p - a potion of attraction {unknown}


   Skills:
 * Level 4.9 Fighting
 * Level 3.6 Maces & Flails
 + Level 4.1 Armour
 + Level 4.0 Shields


You had 4 spell levels left.
You didn't know any spells.
Your spell library contained the following spells:

 Spells                   Type           Power      Damage    Failure   Level
 Lesser Beckoning         Tloc           0%         N/A       100%        2
 Maxwell's Portable Pile  Tloc           0%         2d(5-13)  100%        3
 Passwall                 Erth           0%         N/A       100%        3
 Teleport Other           Tloc           0%         N/A       100%        3
 Volatile Blastmotes      Fire/Tloc      0%         2d10      100%        3
 Vhi's Electric Charge    Tloc/Air       0%         N/A       100%        4
 Bombard                  Conj/Erth      0%         9d1       100%        6


Dungeon Overview and Level Annotations

Branches:
Dungeon (4/15)
 Temple: D:4-7

Altars:
Elyvilon
Qazlal
Vehumet
Wu Jian
The Shining One


Innate Abilities, Weirdness & Mutations

You are immune to sickness and miasma.
Your stone body is resilient. (AC +4)
You are immune to poison.
You resist negative energy. (rN+)
You are resistant to electric shocks. (rElec)
You are resistant to unholy torment.
You are immune to petrification.


Message History

You kill the gnoll!
The gnoll hits you with a +0 club. You block the gnoll's attack.
Your Shields skill increases to level 4!
You closely miss the gnoll. The gnoll hits you but does no damage.
The gnoll hits you from afar with a +0 spear.
You block the gnoll's attack. The gnoll hits you but does no damage.
You completely miss the gnoll. The gnoll hits you with a +0 club.
You block the gnoll's attack.
You barely miss the gnoll. You block the gnoll's attack.
The gnoll closely misses you. You block the gnoll's attack.
The gnoll hits you but does no damage.
You thump the gnoll!
The gnoll is almost dead.
The gnoll hits you but does no damage.
The gnoll hits you from afar with a +0 spear.
You sock the gnoll!
You kill the gnoll!
The gnoll hits you from afar with a +0 spear.
* * * LOW HITPOINT WARNING * * *
The gnoll throws a throwing net.
The throwing net hits you.
You become entangled in the net!
You struggle against the net.
The gnoll hits you but does no damage.
You struggle against the net.
The gnoll hits you from afar with a +0 spear.
* * * LOW HITPOINT WARNING * * *
You struggle against the net.
The gnoll hits you from afar with a +0 spear.
* * * LOW HITPOINT WARNING * * *
You shred the net and break free!
The gnoll hits you from afar with a +0 spear.
* * * LOW HITPOINT WARNING * * *
The gnoll barely misses you.
Things that are here:
a +0 club; a +0 spear You barely miss the gnoll.
The gnoll hits you with a +0 spear.
* * * LOW HITPOINT WARNING * * *
You hit the gnoll.
The gnoll is moderately wounded.
The gnoll hits you with a +0 spear.
You die...

#### ..# #
#####.#
.#.###...#.#####
......>........#
##.#.....#.###.#
.......<.....#.#
..........†..#@#
...#.........#g#
...........#.#g#
...#.........#.#
## #....#..#.#.#
#.#..#..#.#.#
#.#..#.## #.# #
#..#.# #.#


You could see 2 gnolls.

Vanquished Creatures
  Terence (D:2)
  7 adders
  3 gnolls
  2 ufetubi (D:3)
  3 dart slugs (D:3)
  An orc (D:3)
  6 ball pythons
  7 endoplasms
  2 giant cockroaches
  7 goblins
  14 hobgoblins
  2 quokkas (D:2)
  5 bats
  5 frilled lizards
  7 kobolds
  8 rats
80 creatures vanquished.

Notes
Turn   | Place    | Note
-------+----------+-------------------------------------------
     0 | D:1      | Decritt the Gargoyle Fighter began the quest for the Orb.
     0 | D:1      | Reached XP level 1. HP: 14/14 MP: 1/1
    77 | D:1      | Reached XP level 2. HP: 12/19 MP: 2/2
   316 | D:1      | Reached XP level 3. HP: 21/24 MP: 3/3
   800 | D:2      | Noticed Terence
   811 | D:2      | Killed Terence
   812 | D:2      | Reached XP level 4. HP: 23/29 MP: 4/4
  1404 | D:2      | Found an ornate altar of the Wu Jian Council.
  1683 | D:3      | Found a stormy altar of Qazlal.
  1692 | D:3      | Reached XP level 5. HP: 33/34 MP: 5/5
  1700 | D:3      | Found a glowing golden altar of the Shining One.
  1703 | D:3      | Found a radiant altar of Vehumet.
  1708 | D:3      | Found a white marble altar of Elyvilon.
  2399 | D:4      | Slain by a gnoll

Illustrated notes

Levels and vault maps discovered:
D:1:      dpeg_arrival_solitude, layout_loops_ring
D:2:      layout_loops_ring, basic_altar, minmay_goblin_outpost, uniq_terence
D:3:      layout_basic, grunt_temple_overflow_cloverleaf, minmay_circle_x
D:4:      layout_basic, makhleb_altar_promises_db,
          minmay_temple_entry_nine_rooms, serial_shops, nicolae_shop_trees

Skill      XL: |  1  2  3  4  5 |
---------------+----------------+-----
Fighting       | 4 |  4.9
Maces & Flails | 3 |  3.6
Armour         | 4 |  4.1
Shields        | 4 |  4.0

Action                     |  1- 3 |  4- 6 || total
---------------------------+-------+-------++-------
  Melee: Flail             |   109 |   204 ||   313
    Use: Potion            |       |     2 ||     2
 Armour: Scale mail        |    87 |   272 ||   359
  Dodge: Dodged            |    37 |    86 ||   123
  Block: Buckler           |     9 |       ||     9
         Tower shield      |    70 |   288 ||   358

Table legend: (Time is in decaauts)
 A = Elapsed time spent in this place.
 B = Non-inter-level travel time spent in this place.
 C = Inter-level travel time spent in this place.
 D = Time resting spent in this place.
 E = Time spent auto-exploring this place.
 F = Levels seen in this place.
 G = Mean time per level.
                   A        B        C        D        E       F      G
               +--------+--------+--------+--------+--------+-----+--------+
         Total |   2558 |   2496 |     62 |      0 |   1682 |   4 |  639.5 |
       Dungeon |   2558 |   2496 |     62 |      0 |   1682 |   4 |  639.5 |
               +--------+--------+--------+--------+--------+-----+--------+

Top non-repeatable levels by time:
     D:2: 935 daAuts
     D:3: 820 daAuts
     D:1: 724 daAuts
     D:4: 77 daAuts
